 Dungeon Crawl Stone Soup version 0.18.1-8-gdd0e5ea (webtiles) character file.

3019 sleepydude the Basher (level 9, 0/106 HPs)
             Began as a Minotaur Berserker on June 1, 2016.
             Was an Elder of Trog.
             Slain by Duvessa
             ... wielding a +2 short sword of venom
              (4 damage)
             ... on level 7 of the Dungeon.
             The game lasted 00:39:15 (6952 turns).

sleepydude the Basher (Minotaur Berserker)          Turns: 6952, Time: 00:39:15

Health: 0/106      AC: 10    Str: 27    XL:     9   Next: 55%
Magic:  8/8        EV: 16    Int:  4    God:    Trog [****..]
Gold:   277        SH:  0    Dex: 13    Spells: 0 memorised, 8 levels left

rFire  . . .     SeeInvis +     a - +1 mace
rCold  . . .     Gourm    .     j - +2 scale mail {rPois}
rNeg   . . .     Faith    .     (no shield)
rPois  +         Spirit   .     (helmet restricted)
rElec  .         Dismiss  .     (no cloak)
rCorr  .         Reflect  .     (no gloves)
SustAt .         Harm     .     (no boots)
MR     .....     Clarity  +     (no amulet)
Stlth  ..........               (no ring)
                                h - ring of see invisible

@: berserking, lethally poisoned (0 -> -7), very quick, not resistant to hostile
enchantments, extremely unstealthy
A: retaliatory headbutt, horns 2, repulsion field 1, blink, clarity, poison
resistance, regeneration 1, wild magic 1
a: Blink, Berserk, Trog's Hand, Brothers in Arms, Burn Spellbooks, Renounce
Religion


You were on level 7 of the Dungeon.
You worshipped Trog.
Trog was greatly pleased with you.
You were not hungry.

You visited 1 branch of the dungeon, and saw 7 of its levels.

You collected 277 gold pieces.

Inventory:

Hand Weapons
 a - a +1 mace (weapon)
 g - a +0 morningstar
 z - a +1 hunting sling of evasion
Armour
 b - a +0 animal skin
 j - a +2 scale mail of poison resistance (worn)
 s - a +0 pair of gloves
 B - a +0 robe of magic resistance
Jewellery
 h - a ring of see invisible (left hand)
Wands
 d - a wand of digging (20/24)
 x - a wand of paralysis (15/24)
Scrolls
 e - 4 scrolls of fog
 o - a scroll of recharging
 p - 2 scrolls of identify
 q - 3 scrolls of enchant weapon
 y - 2 scrolls of remove curse
Potions
 f - a potion of cancellation
 i - a potion of flight
 k - 2 potions of curing
 l - a potion of degeneration {unknown}
 n - a potion of resistance
 r - a potion of haste {unknown}
Books
 t - a book of Clouds

   Spells                             Type                      Level
   a - Mephitic Cloud                 Conjuration/Poison/Air       3
   b - Conjure Flame                  Conjuration/Fire             3
   c - Poisonous Cloud                Conjuration/Poison/Air       6
   d - Freezing Cloud                 Conjuration/Ice/Air          6
   e - Ring of Flames                 Charms/Fire                  7
   Trog disapproves of the use of such an item.
 w - a book of the Dragon

   Spells                             Type                      Level
   a - Flame Tongue                   Conjuration/Fire             1
   b - Cause Fear                     Hexes                        4
   c - Bolt of Fire                   Conjuration/Fire             6
   d - Dragon Form                    Transmutation                7
   e - Dragon's Call                  Summoning                    9
   Trog disapproves of the use of such an item.
Comestibles
 c - a bread ration
 m - 3 meat rations
 u - a royal jelly
 A - 2 beef jerkies


   Skills:
 - Level 3.9 Fighting
 - Level 12.1 Maces & Flails
 + Level 7.6 Armour
 + Level 7.3 Dodging


You had 8 spell levels left.
You didn't know any spells.

Dungeon Overview and Level Annotations

Branches:
Dungeon (7/15)             Temple (0/1) D:5

Altars:
Dithmenos
Makhleb
Pakellas
Trog
Vehumet

Shops:
D:6 ?(*::

Annotations:
D:7 Duvessa


Innate Abilities, Weirdness & Mutations

You reflexively headbutt those who attack you in melee.
You have a pair of horns on your head.
You are surrounded by a mild repulsion field (EV +2).
You can translocate small distances at will.
You possess an exceptional clarity of mind.
Your system is resistant to poisons.
Your natural rate of healing is unusually fast.
Your spells are a little harder to cast, but a little more powerful.


Message History

You hit Duvessa but do no damage. Your headbutt misses Duvessa.
Duvessa is severely wounded.
Duvessa misses you. You furiously retaliate!
You headbutt Duvessa, but do no damage. You hit Duvessa.
You headbutt Duvessa, but do no damage.
Duvessa is severely wounded.
You feel less exhausted.
You feel sick.
Duvessa hits you with a short sword of venom.
* * * LOW HITPOINT WARNING * * *
You are more poisoned.
Duvessa hits you with a short sword of venom!
* * * LOW HITPOINT WARNING * * *
Drink which item? (? for menu, Esc to quit)
A red film seems to cover your vision as you go berserk!
You feel yourself moving faster!
You feel mighty!
* * * LOW HITPOINT WARNING * * *
You feel sick.
Duvessa is no longer berserk.
Duvessa hits you with a short sword of venom.
You die...

######
#######.e@.#
####..)....##.#
#....########.#
#†#### #.# ...#
#.# #..### #.#
..!. #.# ##.
#.# .P #.#


You could see Duvessa.

Vanquished Creatures
  Joseph (D:7)
  Prince Ribbit (D:7)
  Eustachio (D:5)
  A sky beast (D:6)
  An orc warrior (D:7)
  4 ogres
  A phantom (D:4)
  3 centaurs
  2 giant frogs
  A scorpion (D:6)
  Dowan (D:7)
  A wight (D:7)
  A centaur zombie (D:6)
  5 crimson imps
  3 hounds
  A centaur skeleton (D:5)
  A jelly (D:7)
  2 gnoll shamans (D:4)
  An orc priest (D:6)
  An iguana (D:6)
  Terence (D:1)
  6 worker ants
  A killer bee zombie (D:6)
  3 hound zombies
  A hound skeleton (D:4)
  A worker ant zombie (D:6)
  33 gnolls (D:4)
  9 adders
  A shadow imp (D:6)
  An adder zombie (D:6)
  2 adder skeletons
  2 worms
  A dart slug (D:4)
  2 giant geckos
  7 orcs
  3 giant cockroaches
  8 goblins
  6 hobgoblins
  20 jackals
  8 kobolds
  3 quokkas
  A ball python (D:2)
  12 bats
  A giant cockroach zombie (D:6)
  4 giant newts
  A jackal zombie (D:7)
  2 quokka skeletons
  9 rats
182 creatures vanquished.

Vanquished Creatures (others)
  A wyvern (D:4)
  A withered plant (D:7)
2 creatures vanquished.

Grand Total: 184 creatures vanquished

Notes
Turn   | Place    | Note
--------------------------------------------------------------
     0 | D:1      | sleepydude the Minotaur Berserker began the quest for the Orb.
     0 | D:1      | Reached XP level 1. HP: 19/19 MP: 0/0
   134 | D:1      | Reached XP level 2. HP: 27/27 MP: 1/1
   150 | D:1      | Reached skill level 4 in Maces & Flails
   593 | D:2      | Noticed Terence
   604 | D:1      | Killed Terence
   604 | D:1      | Reached skill level 5 in Maces & Flails
   604 | D:1      | Reached XP level 3. HP: 16/33 MP: 2/2
   926 | D:2      | Reached ** piety under Trog
  1172 | D:2      | Reached XP level 4. HP: 36/40 MP: 3/3
  1547 | D:3      | Found a shadowy altar of Dithmenos.
  1587 | D:3      | Reached skill level 6 in Maces & Flails
  1835 | D:3      | Found a burning altar of Makhleb.
  1837 | D:3      | Found a radiant altar of Vehumet.
  1890 | D:3      | Reached XP level 5. HP: 46/46 MP: 4/4
  2104 | D:4      | Reached skill level 7 in Maces & Flails
  2250 | D:4      | Found an oddly glowing altar of Pakellas.
  2250 | D:4      | Noticed an orange crystal statue
  2251 | D:4      | Noticed a wyvern
  2270 | D:4      | Killed a wyvern
  2497 | D:4      | Noticed an ogre
  2501 | D:4      | Killed an ogre
  2501 | D:4      | Reached skill level 8 in Maces & Flails
  2501 | D:4      | Reached XP level 6. HP: 34/52 MP: 5/5
  2939 | D:4      | Reached skill level 9 in Maces & Flails
  3008 | D:4      | Reached *** piety under Trog
  3072 | D:4      | Reached XP level 7. HP: 40/58 MP: 6/6
  3648 | D:4      | Reached skill level 10 in Maces & Flails
  4112 | D:4      | Reached skill level 11 in Maces & Flails
  4137 | D:4      | Reached **** piety under Trog
  4665 | D:4      | Gained mutation: You can translocate small distances at will. [potion of beneficial mutation]
  4667 | D:5      | Entered Level 5 of the Dungeon
  4694 | D:5      | Reached XP level 8. HP: 66/66 MP: 7/7
  4992 | D:5      | Found a staircase to the Ecumenical Temple.
  5001 | D:5      | Noticed Eustachio
  5043 | D:5      | Killed Eustachio
  5043 | D:5      | Reached skill level 12 in Maces & Flails
  5432 | D:5      | Noticed a moth of wrath
  5434 | D:5      | Found a bloodstained altar of Trog.
  5846 | D:6      | Reached skill level 5 in Armour
  6014 | D:6      | Found Uwupy's Book Shoppe.
  6034 | D:6      | Reached skill level 5 in Dodging
  6117 | D:6      | Found Basegil's Book Boutique.
  6215 | D:6      | Reached XP level 9. HP: 69/71 MP: 8/8
  6234 | D:6      | Found Feluos's General Store.
  6292 | D:6      | Gained mutation: Your spells are a little harder to cast, but a little more powerful. [mutagenic meat]
  6293 | D:6      | Gained mutation: You possess an exceptional clarity of mind. [mutagenic meat]
  6294 | D:6      | Gained mutation: You are surrounded by a mild repulsion field (EV +2). [mutagenic meat]
  6295 | D:6      | Gained mutation: Your natural rate of healing is unusually fast. [mutagenic meat]
  6296 | D:6      | Gained mutation: Your system is resistant to poisons. [mutagenic meat]
  6377 | D:6      | Found Etaing's Antique Weapon Emporium.
  6386 | D:6      | Found Midetofu's Magic Scroll Boutique.
  6436 | D:7      | Noticed Joseph
  6452 | D:7      | Killed Joseph
  6767 | D:7      | Noticed Prince Ribbit
  6881 | D:7      | Noticed Dowan
  6901 | D:7      | Killed Dowan
  6913 | D:7      | Killed Prince Ribbit
  6929 | D:7      | Noticed Duvessa
  6951 | D:7      | HP: 3/71 [Duvessa/short sword of venom (9)]
  6952 | D:7      | Slain by Duvessa

Skill      XL: |  1  2  3  4  5  6  7  8  9 |
---------------+----------------------------+-----
Maces & Flails | 5 6 8 9 11 12 | 12.1
Armour         | 5 7 |  7.6
Dodging        | 5 7 |  7.3
Fighting       | |  3.9

Action                   |  1- 3 |  4- 6 |  7- 9 || total
-------------------------+-------+-------+-------++-------
Melee: Mace              |    60 |   132 |   326 ||   518
       Headbutt          |     6 |    17 |    74 ||    97
Invok: Berserk           |     1 |     1 |     9 ||    11
 Abil: Blink             |       |       |     3 ||     3
  Use: Scroll            |     3 |     7 |     3 ||    13
       Potion            |     2 |     4 |     2 ||     8
  Eat: Pizza             |     1 |       |       ||     1
       Bread ration      |       |     1 |     2 ||     3
       Meat ration       |       |     1 |     2 ||     3
       Beef jerky        |       |       |     2 ||     2
       Royal jelly       |       |       |     1 ||     1
       Chunk             |       |       |     6 ||     6
Armor: Animal skin       |    16 |    18 |       ||    34
       Scale mail        |       |    10 |   106 ||   116
Dodge: Dodged            |    62 |    81 |   176 ||   319
